 Dungeon Crawl Stone Soup version 0.25-a0-589-g1e14c54 (webtiles) character file.

Game seed: 7220755183622926479, levelgen mode: deterministic

116 BlueFish the Skirmisher (level 4, 0/41 HPs)
             Began as a Minotaur Fighter on Mar 12, 2020.
             Was an Initiate of Yredelemnul.
             Slain by a gnoll
             ... wielding a +4 flail
              (9 damage)
             ... on level 3 of the Dungeon.
             The game lasted 00:04:11 (1968 turns).

BlueFish the Skirmisher (Minotaur Fighter)          Turns: 1968, Time: 00:04:12

Health: 0/41       AC:  7    Str: 20    XL:     4   Next: 69%
Magic:  3/3        EV:  9    Int:  5    God:    Yredelemnul [......]
Gold:   215        SH:  0    Dex: 11    Spells: 3/3 levels left

rFire    . . .     SeeInvis .   a - +1 long sword
rCold    . . .     Gourm    .   (no shield)
rNeg     . . .     Faith    .   b - +0 scale mail
rPois    .         Spirit   .   (helmet restricted)
rElec    .         Reflect  .   (no cloak)
rCorr    .         Harm     .   (no gloves)
MR       .....                  (no boots)
Stlth    ..........             (no amulet)
HPRegen  0.13/turn              (no ring)
MPRegen  0.08/turn              (no ring)

@: mighty
A: retaliatory headbutt, horns 2
a: Renounce Religion


You were on level 3 of the Dungeon.
You worshipped Yredelemnul.
Yredelemnul was noncommittal.
You were hungry.

You visited 1 branch of the dungeon, and saw 3 of its levels.

You collected 215 gold pieces.

Inventory:

Hand Weapons
 a - a +1 long sword (weapon)
 j - a +2 dagger of protection
Armour
 b - a +0 scale mail (worn)
 c - a +1 kite shield
Wands
 e - a wand of random effects (11)
Scrolls
 i - a scroll of identify
 p - a scroll of remove curse
Potions
 h - a potion of stabbing
 k - 3 potions of curing
 l - a potion of mutation
 m - 2 potions of berserk rage
 n - a potion of invisibility
 o - a potion of flight
Comestibles
 f - 7 rations
 g - 2 chunks of flesh


   Skills:
 * Level 4.6 Fighting
 * Level 4.1 Long Blades
 * Level 4.5 Armour
 + Level 3.9 Shields
 * Level 0.5 Invocations


You had 3 spell levels left.
You didn't know any spells.
Your spell library was empty.

Dungeon Overview and Level Annotations

Branches:
Dungeon (3/15)

Altars:
Trog
Vehumet
Yredelemnul

Annotations:
D:3 Grinder


Innate Abilities, Weirdness & Mutations

You reflexively headbutt those who attack you in melee.
You have a pair of horns on your head.


Message History

The gnoll hits you but does no damage.
You barely miss the gnoll. The gnoll hits you but does no damage.
The gnoll closely misses you. The gnoll hits you but does no damage.
You hit the gnoll. You headbutt the gnoll!
The gnoll is almost dead.
The gnoll closely misses you.
The gnoll hits you with a cursed -2 flail.
The gnoll closely misses you.
You completely miss the gnoll.
The gnoll is almost dead.
The gnoll hits you with a +4 flail!
* * * LOW HITPOINT WARNING * * *
You see here a +0 club.
The gnoll barely misses you.
You see here a leather armour.
You are feeling hungry.
You feel very mighty all of a sudden. The gnoll hits you with a +4 flail!
You die...
Your body rises from the dead as a mindless zombie.

#.....##w#
#.g.# #.#
#.....)..#
#.g.# #.#
#.###5####
##.## #.# #.#
#J# #.# #w# #.#
#.## #. #.#
#########.#
###... #.# #.#
#.J.J.gg..#
#...## #.# #.#
#g######.##
#.### #.# #.#
#@# #.# #.#
##.###.# #w#
#.# #.#
###...##.# #.#
#.# #.#
#........###.#
#.# #.#
#.#...####...#
#.# #.# ##.##
#.### #.# #.#
#.#
#.########.#
#.#
#.#####........
#.#
#...<)..#######
#รท#


You could see a worm, a jelly and a gnoll.

Vanquished Creatures
  A worker ant (D:2)
  3 adders
  A gnoll (D:3)
  An ooze (D:1)
  A worm (D:3)
  2 dart slugs
  3 leopard geckos
  A ball python (D:1)
  6 bats
  A giant cockroach (D:3)
  7 goblins
  4 hobgoblins
  3 frilled lizards
  6 kobolds
  6 rats
  A plant (D:1)
47 creatures vanquished.

Notes
Turn   | Place    | Note
-------+----------+-------------------------------------------
     0 | D:1      | BlueFish the Minotaur Fighter began the quest for the Orb.
     0 | D:1      | Reached XP level 1. HP: 19/19 MP: 0/0
   226 | D:1      | Reached XP level 2. HP: 26/27 MP: 1/1
   640 | D:2      | Reached XP level 3. HP: 33/33 MP: 2/2
   723 | D:2      | Found a radiant altar of Vehumet.
   727 | D:2      | Found a bloodstained altar of Trog.
   891 | D:2      | Reached XP level 4. HP: 41/41 MP: 3/3
  1027 | D:2      | Found a basalt altar of Yredelemnul.
  1034 | D:2      | Became a worshipper of Yredelemnul the Dark
  1678 | D:3      | Noticed Grinder
  1678 | D:3      | Paralysed by Grinder for 7 turns
  1968 | D:3      | Slain by a gnoll

Levels and vault maps discovered:
D:1:      elethiomel_arrival_quiet, layout_basic, lexackson_kobold_supper
D:2:      layout_rooms, yredelemnul_altar_generic,
          chequers_temple_overflow_statue_of_worship, first_ration
D:3:      layout_loops_ring, uniq_grinder, uniq_natasha

Skill      XL: |  1  2  3  4 |
---------------+-------------+-----
Fighting       | 4 |  4.6
Armour         | 4 |  4.5
Long Blades    | 3 4 |  4.1
Shields        | |  3.9
Invocations    | |  0.5

Action                   |  1- 3 |  4- 6 || total
-------------------------+-------+-------++-------
Melee: Long sword        |    68 |    64 ||   132
       Headbutt          |    17 |     9 ||    26
  Use: Scroll            |     7 |     5 ||    12
       Potion            |       |     1 ||     1
  Eat: Chunk             |       |     3 ||     3
Armor: Scale mail        |    28 |    32 ||    60
Dodge: Dodged            |    21 |    32 ||    53
       Rpst.: Long sword |     8 |     7 ||    15

Table legend:
 A = Non-vault XP
 B = Vault XP
 C = Vault XP percentage of total XP
 D = Non-vault monster count
 E = Vault monster count
 F = Vault count percentage of total count
                 A         B        C        D         E       F
            +---------+---------+-------+---------+---------+-------
      Total |     154 |      12 |   7.2 |      38 |       8 |  17.4
            +---------+---------+-------+---------+---------+-------
        D:1 |      26 |      12 |  31.6 |      10 |       8 |  44.4
        D:2 |      60 |       0 |   0.0 |       9 |       0 |   0.0
        D:3 |      68 |       0 |   0.0 |      19 |       0 |   0.0
            +---------+---------+-------+---------+---------+-------
